 Dungeon Crawl Stone Soup version 0.31.0-11-ge490571c62 (webtiles) character file.

Game seed: 1668750248038183094

3264 Arctor the Protected (level 9, -1/79 HPs)
             Began as an Armataur Fighter on Feb 3, 2024.
             Was an Initiate of Hepliaklqana.
             Slain by a cyan ugly thing (13 damage)
             ... on level 7 of the Dungeon.
             The game lasted 00:09:29 (5789 turns).

Arctor the Protected (Armataur Fighter)             Turns: 5789, Time: 00:09:30

Health: -1/79      AC: 15    Str: 24    XL:     9   Next: 68%
Magic:  9/9        EV: 10    Int:  9    God:    Hepliaklqana [......]
Gold:   341        SH:  5    Dex: 11    Spells: 8/8 levels left

rFire   + . .        w - +27 heavy crossbow "Sniper" {heavy, Acc+∞ SInv}
rCold   . . .        (shield currently unavailable)
rNeg    . . .        x - +0 plate armour
rPois   .            (no helmet)
rElec   .            B - +2 cloak
rCorr   .            (no gloves)
SInv    +            (no barding)
Will    .....        j - amulet of reflection Stlth
                     m - +5 ring of evasion
HPRegen 0.33/turn    l - ring of protection from fire
MPRegen 0.11/turn

%: reflection, roll
@: mighty
A: large, deformed body, tough skin 3, armoured tail, roll 2, sense surroundings
1
a: Renounce Religion


You were on level 7 of the Dungeon.
You worshipped Hepliaklqana.
Hepliaklqana was noncommittal.
You visited 2 branches of the dungeon, and saw 8 of its levels.
You also visited: Ossuary.

You collected 341 gold pieces.

Inventory:

Hand Weapons
 w - the +27 heavy crossbow "Sniper" (weapon) {heavy, Acc+∞ SInv}
   (You found it on level 4 of the Dungeon)

   Acc+∞: It never misses its target.
   SInv:      It lets you see invisible.
Armour
 x - a +0 plate armour (worn)
 B - a +2 cloak (worn)
Jewellery
 j - an amulet of reflection (around neck)
 l - a ring of protection from fire (right hand)
 m - a +5 ring of evasion (left hand)
Talismans
 A - a storm talisman
Wands
 a - a wand of polymorph (9)
 n - a wand of flame (9)
 s - a wand of acid (3)
Scrolls
 b - a scroll of identify
 f - a scroll of immolation
 p - a scroll of poison
 q - 2 scrolls of revelation
 r - 2 scrolls of enchant weapon
 y - a scroll of brand weapon
Potions
 d - a potion of might
 e - 2 potions of heal wounds
 g - a potion of cancellation
 h - 2 potions of degeneration
 k - 3 potions of berserk rage
 t - 5 potions of curing {unknown}
 u - a potion of ambrosia {unknown}
 v - 2 potions of enlightenment {unknown}
 z - a potion of brilliance {unknown}


   Skills:
 + Level 7.6 Fighting
 - Level 3.3 Axes
 + Level 4.9 Ranged Weapons
 + Level 9.8 Armour
 - Level 5.1 Shields


You had 8 spell levels left.
You didn't know any spells.
Your spell library contained the following spells:

 Spells                   Type           Power      Damage    Failure   Level
 Foxfire                  Conj/Fire      0%         2x1d4     99%         1
 Necrotise                Necr           0%         1d4       99%         1
 Summon Small Mammal      Summ           0%         N/A       99%         1
 Call Canine Familiar     Summ           0%         N/A       100%        3
 Fugue of the Fallen      Necr           0%         N/A       100%        3
 Gell's Gravitas          Tloc           0%         N/A       100%        3
 Hailstorm                Conj/Ice       0%         3d5       100%        3
 Ozocubu's Armour         Ice            0%         N/A       100%        3
 Summon Ice Beast         Ice/Summ       0%         N/A       100%        3
 Teleport Other           Tloc           0%         N/A       100%        3
 Vampiric Draining        Necr           0%         2d6       100%        3
 Animate Dead             Necr           0%         N/A       100%        4
 Manifold Assault         Tloc           0%         N/A       100%        4
 Martyr's Knell           Necr/Summ      0%         N/A       100%        4
 Summon Blazeheart Golem  Fire/Summ      0%         N/A       100%        4
 Borgnjor's Vile Clutch   Necr/Erth      0%         N/A       100%        5
 Curse of Agony           Necr           0%         N/A       100%        5
 Death Channel            Necr           0%         N/A       100%        6
 Dispersal                Tloc           0%         N/A       100%        6
 Plasma Beam              Fire/Air       0%         2x1d10    100%        6
 Sculpt Simulacrum        Ice/Alch       0%         N/A       100%        6
 Starburst                Conj/Fire      0%         6d3       100%        6


Dungeon Overview and Level Annotations

Branches:
Dungeon (7/15)             Temple (1/1) D:6         Ossuary (visited)

Altars:
Ashenzari
Cheibriados
Dithmenos
Elyvilon
Fedhas
Gozag
Hepliaklqana
Kikubaaqudgha
Makhleb
Nemelex Xobeh
Okawaru
Qazlal
Ru
Sif Muna
Trog
Vehumet
Wu Jian
Xom
Yredelemnul
Zin
The Shining One

Annotations:
D:6 3 runed translucent doors, madasgardian's ghost, novice DgAE


Innate Abilities, Weirdness & Mutations

Armour fits poorly on your strangely shaped body.
You have extremely tough skin. (AC +3)
You have a long armoured tail.
You regenerate magic and health when rolling toward enemies. (Rampage Regen)
You passively map a small area around you.


Message History

The bolt hits the centaur warrior!
The centaur warrior is lightly wounded.
The ogre seems to regain its courage.
The vampire mosquito bites you but does no damage. x2
The bullfrog misses you.
The centaur warrior hits you but does no damage.
The centaur warrior kicks you but does no damage.
The vampire mosquito closely misses you.
The bullfrog hits you but does no damage.
You block the bullfrog's attack. The vampire mosquito bites you.
The vampire mosquito draws strength from your injuries!
The centaur warrior hits you!
The centaur warrior kicks you but does no damage.
The bullfrog hits you but does no damage. x2
The bullfrog barely misses you.
The vampire mosquito bites you but does no damage.
The centaur warrior hits you! The centaur warrior kicks you.
The bullfrog hits you but does no damage.
The bullfrog barely misses you. The bullfrog misses you.
The centaur warrior hits you.
The centaur warrior kicks you but does no damage.
The vampire mosquito bites you but does no damage.
The bullfrog hits you but does no damage.
The bullfrog hits you.
The centaur warrior completely misses you.
The centaur warrior kicks you.
The vampire mosquito bites you but does no damage.
The bullfrog barely misses you.
Unknown command.
Okay, then.
It was a potion of mutation.
You feel extremely strange.
You feel a strange attunement to the structure of the dungeons.
The vampire mosquito bites you but does no damage.
The bullfrog hits you. The centaur warrior hits you!
* * * LOW HITPOINT WARNING * * *
The centaur warrior kicks you but does no damage.
The bullfrog closely misses you. The cyan ugly thing tentacle-slaps you.
* * * LOW HITPOINT WARNING * * *
The cyan ugly thing shocks you!
You die...

* , l⌠. , , *
,hO5 * * , #o# *
#H#* , ♣5♣
♣♣♣♣♣♣l♣♣♣♣♣♣ *
* *
♣..KDycF....♣
♣♣♣
♣..sFu@F....♣ *
.. ♣..e#####+..♣
g♣# ♣..#Y , * ,
♣§♣♣♣..#yF ,, ,
# ♣...)..#FDc ,
,
#.♣♣♣.♣♣♣..#ezCY
* * ♣...♣#
♣..#D.... *
♣...♣#
♣..+#####+, * *
#.♣♣♣)# ♣... , *


You could see a cyan ugly thing, a centaur warrior, a manticore, a deep elf
pyromancer, a basilisk, a steam dragon, an orc warrior, a black bear, a vampire
mosquito, a kobold brigand, an ogre, 3 bullfrogs, a scorpion, an iguana and 2
white imps.

Vanquished Creatures
  A skeletal warrior (D:7)
  Edmund (D:4)
  Menkaure (D:6)
  Duvessa (D:5)
  3 ice beasts
  A black bear (D:5)
  A sky beast (D:6)
  2 ogres
  2 phantoms
  A kobold brigand (D:7)
  Blork the orc (D:5)
  3 bullfrogs
  A scorpion (D:4)
  6 water moccasin zombies (Ossuary)
  Dowan (D:5)
  A burial acolyte (Ossuary)
  A wight (D:7)
  A bombardier beetle (D:3)
  Crazy Yiuf (D:4)
  2 jellies
  3 hounds
  A spectral scorpion (Ossuary)
  2 orc priests (D:6)
  A gnoll bouda (D:7)
  An orc wizard (D:6)
  4 iguanas
  A crocodile zombie (Ossuary)
  A bullfrog simulacrum (Ossuary)
  2 mummies (Ossuary)
  6 adders
  A white imp (D:4)
  2 ufetubi (D:6)
  9 adder zombies (Ossuary)
  A ribbon worm (D:3)
  3 dart slugs
  30 orcs
  4 endoplasms
  3 giant cockroaches
  3 gnoll zombies (Ossuary)
  3 hobgoblins
  5 jackals
  9 kobolds
  5 quokkas
  13 ball pythons
  A bat (D:3)
  5 frilled lizards
  9 goblins
  6 jackal zombies (Ossuary)
  4 orc zombies (Ossuary)
  12 rats
182 creatures vanquished.

Notes
Turn   | Place    | Note
-------+----------+-------------------------------------------
     0 | D:1      | Arctor the Armataur Fighter began the quest for the Orb.
     0 | D:1      | Reached XP level 1. HP: 18/18 MP: 1/1
    43 | D:1      | Found a faded altar of an unknown god.
   270 | D:1      | Reached XP level 2. HP: 25/25 MP: 2/2
   486 | D:1      | Reached skill level 4 in Armour
   720 | D:1      | Reached XP level 3. HP: 29/31 MP: 3/3
  1647 | D:3      | Reached XP level 4. HP: 35/38 MP: 4/4
  2241 | D:3      | Reached XP level 5. HP: 42/45 MP: 5/5
  2403 | D:4      | Reached skill level 5 in Armour
  2415 | D:4      | Noticed Edmund
  2424 | D:4      | Reached XP level 6. HP: 39/52 MP: 6/6
  2428 | D:4      | HP: 1/52 [Edmund/+0 heavy dire flail (22)]
  2436 | D:4      | Killed Edmund
  2437 | D:4      | Reached skill level 5 in Shields
  2614 | D:4      | Found a white marble altar of Elyvilon.
  2719 | D:4      | Found the +27 heavy crossbow "Sniper" {heavy, Acc+∞ SInv}
  2790 | D:4      | Found a runed translucent door.
  2791 | D:4      | Noticed Crazy Yiuf
  3149 | D:4      | Killed Crazy Yiuf
  3402 | D:5      | Entered Level 5 of the Dungeon
  3445 | D:5      | Gained mutation: You regenerate magic and health when
                  | rolling toward enemies. (Rampage Regen) [Armataur growth]
  3445 | D:5      | Reached XP level 7. HP: 60/60 MP: 7/7
  3450 | D:5      | Noticed Blork the orc
  3451 | D:5      | Killed Blork the orc
  3535 | D:5      | Reached skill level 1 in Ranged Weapons
  3535 | D:5      | Reached skill level 6 in Armour
  3610 | D:5      | Found a sand-covered staircase.
  3691 | Ossuary  | Entered an ossuary
  3729 | Ossuary  | Reached skill level 5 in Fighting
  3816 | Ossuary  | Reached XP level 8. HP: 64/68 MP: 8/8
  3835 | Ossuary  | Reached skill level 7 in Armour
  3907 | D:5      | Noticed Duvessa
  3908 | D:5      | Killed Duvessa
  3924 | D:5      | Noticed Dowan
  3926 | D:5      | Killed Dowan
  4373 | D:5      | Reached skill level 8 in Armour
  4566 | D:6      | Found a runed translucent gate.
  4566 | D:6      | Found a runed translucent gate.
  4566 | D:6      | Found a runed translucent gate.
  4567 | D:6      | Noticed madasgardian's ghost (novice DgAE)
  4567 | D:6      | Noticed a spectral unseen horror
  4771 | D:6      | Reached XP level 9. HP: 78/78 MP: 9/9
  4830 | D:6      | Noticed Menkaure
  4831 | D:6      | Killed Menkaure
  4874 | D:6      | Found a staircase to the Ecumenical Temple.
  4891 | Temple   | Entered the Ecumenical Temple
  4975 | Temple   | Became a worshipper of Hepliaklqana the Forgotten
  5088 | D:6      | Found a sparkling altar of Nemelex Xobeh.
  5582 | D:6      | Found a blossoming altar of Fedhas.
  5695 | D:7      | Reached skill level 9 in Armour
  5779 | D:7      | Noticed a skeletal warrior
  5779 | D:7      | Noticed a cyan ugly thing
  5779 | D:7      | Noticed a deep elf pyromancer
  5779 | D:7      | Noticed a cyclops
  5782 | D:7      | Noticed a manticore
  5785 | D:7      | Noticed a centaur warrior
  5786 | D:7      | Killed a skeletal warrior
  5789 | D:7      | Gained mutation: You passively map a small area around you.
                  | [potion of mutation]
  5789 | D:7      | Slain by a cyan ugly thing

Illustrated notes

Levels and vault maps discovered:
D:1:      shiori_arrival_whats_in_store_for_you, layout_loops_corners,
          hellmonk_ecumenical_altar_blasted
D:2:      layout_basic
D:3:      layout_rooms
D:4:      layout_cave_pools, elyvilon_altar_4, kennysheep_generic_room_15,
          uniq_edmund, uniq_crazy_yiuf_cottage
D:5:      layout_basic, lightli_ossuary_entry_decrepit_ruins, uniq_duvessa,
          uniq_blork_the_orc
D:6:      layout_basic, mainiacjoe_overflow_six_doors_small,
          nemelex_xobeh_ov_fountains_minmay, minmay_temple_entry_mist,
          gammafunk_ghost_necromancy, uniq_menkaure
D:7:      nzn_winding_woodlands_large [nzn_winding_woodlands_5x5_perimeter,
          nzn_winding_woodlands_5x15_zeroes, nzn_winding_woodlands_hourglass,
          nzn_winding_woodlands_center_diamonds,
          nzn_winding_woodlands_15x15_killbox,
          nzn_winding_woodlands_center_pierced_h,
          nzn_winding_woodlands_5x5_checkerboard,
          nzn_winding_woodlands_5x15_sawtooth,
          nzn_winding_woodlands_5x5_default], layout_loops_corners,
          abandoned_shop, uniq_prince_ribbit1
Temple:   compressed_dpeg_circular_temple

Skill      XL: |  1  2  3  4  5  6  7  8  9 |
---------------+----------------------------+-----
Armour         | 4 5 6 8 9 |  9.8
Fighting       | 3 4 5 6 7 |  7.6
Axes           | 2 3 |  3.3
Shields        | 4 5 |  5.1
Ranged Weapons | 2 3 4 |  4.9

Action                     |  1- 3 |  4- 6 |  7- 9 || total
---------------------------+-------+-------+-------++-------
  Melee: War axe           |   116 |   163 |       ||   279
         Tailslap          |     9 |    16 |       ||    25
   Fire: Heavy crossbow    |       |     4 |   102 ||   106
    Use: Scroll            |       |     7 |     6 ||    13
         Potion            |       |     1 |     2 ||     3
 Armour: Scale mail        |    68 |   121 |    79 ||   268
         Plate armour      |       |       |    72 ||    72
  Dodge: Dodged            |    44 |    88 |   129 ||   261
  Block: Buckler           |    18 |    13 |       ||    31
         Kite shield       |       |    79 |       ||    79
         Other             |       |       |     7 ||     7
